 Dungeon Crawl Stone Soup version 0.29.1-1-gd02db69 (webtiles) character file.

Game seed: 9965894615699762349

79 Kel the Chopper (level 4, -2/28 HPs)
             Began as a Gargoyle Berserker on Dec 10, 2022.
             Was a Believer of Trog.
             Slain by a gnoll
             ... wielding a +0 halberd
              (8 damage)
             ... on level 3 of the Dungeon.
             The game lasted 00:01:58 (1795 turns).

Kel the Chopper (Gargoyle Berserker)                Turns: 1795, Time: 00:01:58

Health: -2/28      AC: 10    Str: 23    XL:     4   Next: 38%
Magic:  4/4        EV: 10    Int:  7    God:    Trog [**....]
Gold:   103        SH:  0    Dex:  9    Spells: 3/3 levels left

rFire   . . .      SeeInvis .   a - +0 hand axe
rCold   . . .      Faith    .   (no shield)
rNeg    + . .      Spirit   .   b - +0 scale mail
rPois   ∞          Reflect  .   (no helmet)
rElec   +          Harm     .   (no cloak)
rCorr   +          Rampage  .   (no gloves)
Will    .....                   (no boots)
Stlth   ..........              (no amulet)
HPRegen 0.09/turn               i - ring of resist corrosion
MPRegen 0.09/turn               (no ring)

@: on berserk cooldown, slowed, very slow
A: sickness immunity, AC +3, negative energy resistance 1, electricity
resistance, torment resistance 1, petrification resistance
a: Renounce Religion, Berserk, Trog's Hand


You were on level 3 of the Dungeon.
You worshipped Trog.
Trog was pleased with you.
You visited 1 branch of the dungeon, and saw 3 of its levels.

You collected 103 gold pieces.

Inventory:

Hand Weapons
 a - a +0 hand axe (weapon)
Armour
 b - a +0 scale mail (worn)
Jewellery
 i - a ring of resist corrosion (left hand)
Scrolls
 e - a scroll of poison {unknown}
 g - a scroll of vulnerability {unknown}
 j - 4 scrolls of identify {unknown}
 l - a scroll of brand weapon {unknown}
 m - a scroll of silence {unknown}
 o - 2 scrolls of enchant weapon {unknown}
Potions
 c - 2 potions of invisibility
 d - a potion of attraction {unknown}
 f - a potion of heal wounds {unknown}
 h - a potion of mutation {unknown}
 k - a potion of magic {unknown}
 n - 2 potions of resistance {unknown}


   Skills:
 - Level 3.2 Fighting
 + Level 4.6 Axes
 - Level 2.1 Armour
 - Level 1.5 Dodging


You had 3 spell levels left.
You didn't know any spells.
Your spell library was empty.

Dungeon Overview and Level Annotations

Branches:
Dungeon (3/15)

Altars:


Innate Abilities, Weirdness & Mutations

You are immune to sickness and miasma.
Your stone body is resilient. (AC +3)
You are immune to poison.
You resist negative energy. (rN+)
You are resistant to electric shocks. (rElec)
You are resistant to unholy torment.
You are immune to petrification.


Message History

You slash the gnoll!
You kill the gnoll!
Trog accepts your kill. The gnoll hits you but does no damage.
The gnoll hits you but does no damage. The gnoll closely misses you.
Things that are here:
a +0 spear; a gnoll corpse You hit the gnoll.
The gnoll is moderately wounded.
You slash the gnoll!
The gnoll is almost dead.
The gnoll misses you.
The gnoll hits you from afar with a +0 halberd.
You barely miss the gnoll.
The gnoll is almost dead.
You are no longer berserk.
You are exhausted.
You feel yourself slow down.
The gnoll hits you from afar with a +0 halberd!
The gnoll misses you.
You closely miss the gnoll.
The gnoll is almost dead.
The gnoll barely misses you. x2; The gnoll hits you with a +0 spear.
The gnoll closely misses you.
You hit the gnoll.
You kill the gnoll!
Trog accepts your kill. The gnoll hits you but does no damage.
Found 9 gold pieces.
The gnoll hits you with a +0 halberd. The gnoll completely misses you.
Things that are here:
a +0 spear; a gnoll corpse You closely miss the gnoll.
The gnoll closely misses you.
You barely miss the gnoll. The gnoll misses you. The gnoll closely misses you.
You hit the gnoll.
The gnoll is moderately wounded.
The gnoll hits you with a +0 halberd.
* * * LOW HITPOINT WARNING * * *
The gnoll hits you with a +0 halberd!
You die...

########.#..$
#..))@g.....#
#.######.)...
#.# ... #.# .
#.# #.# #.#
#(# #.####


You could see a gnoll.

Vanquished Creatures
  3 gnolls (D:3)
  An adder (D:2)
  A bat (D:2)
  4 endoplasms
  4 giant cockroaches
  6 goblins
  7 hobgoblins
  A quokka (D:1)
  5 ball pythons
  3 frilled lizards
  2 kobolds (D:2)
37 creatures vanquished.

Vanquished Creatures (others)
  2 plants (D:3)
2 creatures vanquished.

Grand Total: 39 creatures vanquished

Notes
Turn   | Place    | Note
-------+----------+-------------------------------------------
     0 | D:1      | Kel the Gargoyle Berserker began the quest for the Orb.
     0 | D:1      | Reached XP level 1. HP: 14/14 MP: 1/1
    46 | D:1      | Found a faded altar of an unknown god.
    47 | D:1      | Noticed a floating eye
    53 | D:1      | Noticed a great orb of eyes
    65 | D:1      | Reached skill level 3 in Axes
    99 | D:1      | Noticed a golden eye
    99 | D:1      | Noticed a golden eye
   273 | D:1      | Reached XP level 2. HP: 19/19 MP: 2/2
  1024 | D:2      | Reached XP level 3. HP: 17/23 MP: 3/3
  1373 | D:2      | Reached ** piety under Trog
  1374 | D:2      | Reached skill level 4 in Axes
  1782 | D:3      | Reached XP level 4. HP: 28/28 MP: 4/4
  1795 | D:3      | Slain by a gnoll

Illustrated notes

Levels and vault maps discovered:
D:1:      dpeg_arrival_rooms_b, layout_loops_ring,
          hellmonk_ecumenical_altar_watching_god
D:2:      layout_basic
D:3:      layout_loops_ring, mainiacjoe_overflow_chevrons,
          minmay_misc_feat_ornament, serial_bayou_pond_a,
          nicolae_elevator_lobby_asterisk

Skill      XL: |  1  2  3 |
---------------+----------+-----
Axes           | 3 4 |  4.6
Fighting       | |  3.2
Armour         | |  2.1
Dodging        | |  1.5

Action                   |  1- 3 |  4- 6 || total
-------------------------+-------+-------++-------
Melee: Hand axe          |    86 |    11 ||    97
Invok: Berserk           |     1 |       ||     1
 Stab: Sleeping          |     2 |       ||     2
Armor: Animal skin       |    11 |       ||    11
       Scale mail        |    19 |     5 ||    24
       Ring mail         |    10 |       ||    10
Dodge: Dodged            |    47 |    12 ||    59
